[Event "Titled Tuesday Blitz May 03 Early 2022"]
[White "Trost, Edvin"]
[Black "Prohorov, Olexandr"]
[WhiteFideId "1729519"]
[BlackFideId "14105578"]
[WhiteElo "2160"]
[BlackElo "1993"]
[Result "0-1"]
[Round "08"]
[TimeControl "180+1"]
[Date "2022.05.03"]
[WhiteClock "0:00:13"]
[BlackClock "0:01:13"]

1. d4 g6 2. c4 Bg7 3. Nc3 c5 4. d5 Bxc3+ 5. bxc3 f5 6. h4 Nf6 7. h5 Nxh5 8. Rxh5 gxh5 9. e4 d6 10. Qxh5+ Kd7 11. Qxf5+ Kc7 12. Qh5 Nd7 13. Nf3 Nf6 14. Qh4 Qf8 15. Bh6 Qf7 16. e5 Ng4 17. e6 Qf6 18. Bg5 Qxc3+ 19. Ke2 Qxc4+ 20. Kd2 Qxd5+ 21. Kc3 Ne5 22. Bxe7 Bxe6 23. Bf6 Nxf3 24. gxf3 Rhf8 25. Bd3 Qxf3 26. Bg5 Qxf2 27. Bh6 Qxh4 28. Bxf8 Qd4+ 29. Kc2 Qxa1 30. Bg7 Qxg7 31. Bf5 Bxf5+ 32. Kb3 Qg4 33. a4 Qb4+ 34. Ka2 Re8 35. a5 Re2+ 36. Ka1 Qe1# 0-1


[Site "https://www.chess.com"]

[Event "Titled Tuesday Blitz May 03 Early 2022"]
[White "Turutin, Alexander"]
[Black "Polster, Christian"]
[WhiteFideId "4180623"]
[BlackFideId "12965081"]
[WhiteElo "2402"]
[BlackElo "2281"]
[Result "1-0"]
[Round "08"]
[TimeControl "180+1"]
[Date "2022.05.03"]
[WhiteClock "0:00:41"]
[BlackClock "0:00:05"]

1. e4 c5 2. Nf3 d6 3. Bb5+ Bd7 4. Bxd7+ Qxd7 5. O-O Nf6 6. Re1 Nc6 7. d4 cxd4 8. Nxd4 g6 9. c4 Bg7 10. Nc2 O-O 11. Nc3 Rfc8 12. b3 a6 13. a4 Rab8 14. Rb1 Na7 15. Be3 Nc6 16. Nd5 Nxd5 17. exd5 Ne5 18. h3 Qc7 19. Nd4 Nd7 20. h4 h5 21. Qd2 Nc5 22. Bh6 Bh8 23. Bg5 Re8 24. a5 Bxd4 25. Qxd4 Qxa5 26. b4 e5 27. Qe3 1-0


[Site "https://www.chess.com"]

[Event "Titled Tuesday Blitz May 03 Early 2022"]
[White "Varshini, V"]
[Black "Vlassov, Nikolai"]
[WhiteFideId "5091241"]
[BlackFideId "4103360"]
[WhiteElo "1948"]
[BlackElo "2407"]
[Result "0-1"]
[Round "08"]
[TimeControl "180+1"]
[Date "2022.05.03"]
[WhiteClock "0:00:02"]
[BlackClock "0:00:24"]

1. e4 Nc6 2. d4 d5 3. e5 h5 4. c3 Bg4 5. Be2 Qd7 6. h3 Bf5 7. Nd2 h4 8. Ndf3 O-O-O 9. Bd3 f6 10. Bf4 g5 11. Bh2 g4 12. hxg4 Bxd3 13. Qxd3 Qxg4 14. Qf1 fxe5 15. Nxe5 Nxe5 16. Bxe5 Bg7 17. Bxg7 Qxg7 18. Nf3 Qg6 19. O-O-O Nf6 20. Ne5 Qg7 21. f3 Rdg8 22. Rd2 Nd7 23. Nxd7 Kxd7 24. Qb5+ Kc8 25. Qxd5 Qf6 26. Qe4 Rg3 27. Kb1 h3 28. gxh3 Rxf3 29. h4 Rf4 30. Qe3 Rfxh4 31. Rxh4 Rxh4 32. a3 Rh1+ 33. Kc2 Qf5+ 34. Qd3 Qg4 35. Re2 e6 36. Qe4 Qxe4+ 37. Rxe4 Rh2+ 38. Kb3 Kd7 39. Re3 Kd6 40. c4 a5 41. Kc3 a4 42. Rd3 c5 43. d5 e5 44. Re3 Rh4 45. Rf3 e4 46. Rf5 Rh3+ 47. Kc2 Rb3 48. Kc1 b5 49. cxb5 Rxb5 50. Kc2 Rb3 51. Kc1 Rd3 52. Kc2 Rxd5 53. Rf6+ Ke5 54. Ra6 Rd4 55. Ra5 Kd5 56. Ra8 e3 57. Rd8+ Kc4 58. Re8 Rd2+ 59. Kc1 Kd3 60. Rd8+ Ke2 61. Re8 Rd4 62. Re5 Rc4+ 63. Kb1 Kd2 64. Rd5+ Ke1 65. Re5 e2 66. Re6 Kd2 67. Rd6+ Rd4 0-1


[Site "https://www.chess.com"]

[Event "Titled Tuesday Blitz May 03 Early 2022"]
[White "Vasquez Schroeder, Rodrigo"]
[Black "Samant Aditya S"]
[WhiteFideId "3400042"]
[BlackFideId "35080580"]
[WhiteElo "2561"]
[BlackElo "1916"]
[Result "0-1"]
[Round "08"]
[TimeControl "180+1"]
[Date "2022.05.03"]
[WhiteClock "0:02:40"]
[BlackClock "0:01:07"]

1. e4 c5 2. Nf3 d6 3. d4 cxd4 4. Nxd4 Nf6 5. Nc3 Nc6 6. Bg5 e6 7. Qd2 a6 8. O-O-O h6 9. Be3 Nxd4 10. Bxd4 b5 11. f3 Qa5 12. Kb1 b4 13. Bxf6 gxf6 14. Ne2 Qc5 15. Nf4 a5 16. g4 Bd7 17. Nh5 Be7 18. Ng7+ Kf8 19. Nh5 a4 20. Rc1 a3 21. b3 Qe5 22. c4 bxc3 23. Qxc3 0-1


[Site "https://www.chess.com"]

[Event "Titled Tuesday Blitz May 03 Early 2022"]
[White "Vifleemskaia, Svetlana"]
[Black "Zainullina, Nataliya"]
[WhiteFideId "4129490"]
[BlackFideId "4145488"]
[WhiteElo "1901"]
[BlackElo "2074"]
[Result "1-0"]
[Round "08"]
[TimeControl "180+1"]
[Date "2022.05.03"]
[WhiteClock "0:01:05"]
[BlackClock "0:00:56"]

1. d4 Nf6 2. c4 e6 3. Nc3 Bb4 4. e3 O-O 5. Ne2 c5 6. a3 Bxc3+ 7. Nxc3 d6 8. d5 e5 9. e4 a6 10. a4 b6 11. Bd3 Nbd7 12. O-O Re8 13. h3 Nf8 14. Bg5 Ng6 15. Qd2 h6 16. Be3 Nh5 17. Rfe1 Nhf4 18. Bf1 Nh4 19. Bxf4 exf4 20. Qxf4 Ng6 21. Qg3 Qf6 22. Rad1 Bd7 23. Be2 Rad8 24. Bg4 Bxg4 25. Qxg4 Ne5 26. Qe2 Qg5 27. b3 Qf6 28. Qd2 Qg6 29. Kh2 Kh7 30. f4 Nd7 31. Qd3 f6 32. Re3 Rf8 33. Rg3 Qf7 34. e5+ Kh8 35. e6 Qe7 36. exd7 Qxd7 37. Re1 Rde8 38. Rge3 Rxe3 39. Rxe3 Kg8 40. Re6 Kh8 41. f5 Kg8 42. Qg3 Rf7 43. Qxd6 Qb7 44. Qd8+ Kh7 45. Re8 Qc7+ 46. Qxc7 Rxc7 47. d6 Rd7 48. Ne4 h5 49. Re7 Rd8 50. d7 Kg8 51. Nd6 Kf8 52. Re8+ Rxe8 53. dxe8=Q# 1-0


[Site "https://www.chess.com"]

[Event "Titled Tuesday Blitz May 03 Early 2022"]
[White "Vignesh, N R"]
[Black "Kozin, Yuri"]
[WhiteFideId "25012215"]
[BlackFideId "4129920"]
[WhiteElo "2363"]
[BlackElo "2590"]
[Result "1-0"]
[Round "08"]
[TimeControl "180+1"]
[Date "2022.05.03"]
[WhiteClock "0:01:05"]
[BlackClock "0:00:03"]

1. e4 c5 2. Nf3 e6 3. d3 d5 4. Nbd2 Nf6 5. g3 Nc6 6. Bg2 Be7 7. O-O O-O 8. Re1 b5 9. a4 b4 10. exd5 exd5 11. Ne5 Nxe5 12. Rxe5 Be6 13. Nf3 h6 14. Re1 a5 15. Ne5 Qb6 16. Be3 Rac8 17. c3 d4 18. Bd2 bxc3 19. bxc3 dxc3 20. Bxc3 Rfd8 21. Qd2 Qd6 22. Bxa5 Re8 23. Nc4 Qa6 24. Reb1 Bxc4 25. Bb7 Qa7 26. Bxc8 Bd5 27. Bb6 Qa8 28. Bh3 Bd6 29. Re1 Rf8 30. a5 Nh7 31. f4 Nf6 32. Bg2 Qa6 33. Qc2 Bxg2 34. Kxg2 Nd5 35. Qc4 Qa8 36. Qe4 Kh8 37. Qf3 f5 38. Kg1 c4 39. Bf2 cxd3 40. Red1 Be7 41. Rxd3 1-0


[Site "https://www.chess.com"]

[Event "Titled Tuesday Blitz May 03 Early 2022"]
[White "Vokhidov, Shamsiddin"]
[Black "Sarana, Alexey"]
[WhiteFideId "14204223"]
[BlackFideId "24133795"]
[WhiteElo "2611"]
[BlackElo "2666"]
[Result "1-0"]
[Round "08"]
[TimeControl "180+1"]
[Date "2022.05.03"]
[WhiteClock "0:00:05"]
[BlackClock "0:00:02"]

1. e4 c5 2. Nf3 d6 3. Bb5+ Bd7 4. Bxd7+ Nxd7 5. O-O e6 6. c4 Ne5 7. Nc3 Ne7 8. Ne1 N7c6 9. d3 Nd4 10. Be3 Nec6 11. Ne2 Nxe2+ 12. Qxe2 Be7 13. Nf3 O-O 14. d4 cxd4 15. Nxd4 Bf6 16. Rfd1 Qe7 17. Nxc6 bxc6 18. Rd2 Rfd8 19. Rad1 Rab8 20. b3 h6 21. Rd3 Rd7 22. Qd2 Rbd8 23. f4 Qe8 24. Qa5 d5 25. cxd5 cxd5 26. Qa4 Rc7 27. Qxe8+ Rxe8 28. exd5 exd5 29. Kf2 a5 30. Rxd5 a4 31. bxa4 Re4 32. a5 Ra4 33. Bb6 Rc3 34. g3 Rxa2+ 35. R1d2 Ra4 36. Kg2 Kh7 37. Kh3 Kg6 38. Rd7 h5 39. R2d6 Rc2 40. Rd2 Rc3 41. R2d5 Rc2 42. f5+ Kh7 43. Rd2 Rxd2 44. Rxd2 g6 45. Rd7 Kg7 46. fxg6 Kxg6 47. Ra7 Rb4 48. Bg1 Rb1 49. Kg2 Rb2+ 50. Kf3 Rb3+ 51. Ke4 Rb1 52. Bc5 Rc1 53. Rc7 Ra1 54. Ra7 Ra2 55. a6 h4 56. gxh4 Bxh4 57. Ra8 Kg7 58. a7 Be7 59. Bxe7 Re2+ 60. Kf5 Rxe7 61. Rg8+ Kxg8 62. a8=Q+ Kg7 63. Qg2+ Kf8 64. Qa8+ Kg7 65. Qa1+ Kg8 66. Qg1+ Kf8 67. Qc5 Ke8 68. Qc8# 1-0


[Site "https://www.chess.com"]

[Event "Titled Tuesday Blitz May 03 Early 2022"]
[White "Vovk, Orest"]
[Black "Tasev, Dejan"]
[WhiteFideId "14113490"]
[BlackFideId "936618"]
[WhiteElo "2203"]
[BlackElo "2253"]
[Result "0-1"]
[Round "08"]
[TimeControl "180+1"]
[Date "2022.05.03"]
[WhiteClock "0:00:15"]
[BlackClock "0:00:17"]

1. h4 Nf6 2. h5 h6 3. Nc3 d5 4. e4 dxe4 5. Qe2 e6 6. Nxe4 Nbd7 7. Nf3 Be7 8. b3 Nxe4 9. Qxe4 Nf6 10. Qd3 Qxd3 11. Bxd3 O-O 12. Bb2 a5 13. a4 b6 14. Ne5 Bb7 15. f3 Nd5 16. Be4 f5 17. Bxd5 Bxd5 18. Ng6 Rfe8 19. Nxe7+ Rxe7 20. Be5 Kh7 21. c4 Bb7 22. d4 Rd8 23. Ke2 c6 24. Rh4 Ba6 25. g4 Bc8 26. Rg1 c5 27. g5 hxg5 28. Rxg5 cxd4 29. Rxd4 Rdd7 30. Rg6 Rxd4 31. Bxd4 e5 32. Bxb6 f4 33. Bxa5 e4 34. fxe4 Bf5 35. Rg5 Bxe4 36. Kf2 Bc2 37. Rb5 Be4 38. Bd2 f3 39. Be3 Rd7 40. Re5 Bb7 41. c5 Rd3 42. b4 Rb3 43. b5 Rb2+ 44. Kg3 Rg2+ 45. Kh3 Bc8+ 46. Kh4 f2 47. Bxf2 Rxf2 48. c6 Kh6 49. b6 Rf3 50. Re3 Rxe3 51. b7 Rh3# 0-1


[Site "https://www.chess.com"]

[Event "Titled Tuesday Blitz May 03 Early 2022"]
[White "Wagh Suyog"]
[Black "Fiorito, Fabian"]
[WhiteFideId "25071688"]
[BlackFideId "100200"]
[WhiteElo "2181"]
[BlackElo "2395"]
[Result "0-1"]
[Round "08"]
[TimeControl "180+1"]
[Date "2022.05.03"]
[WhiteClock "0:00:04"]
[BlackClock "0:00:12"]

1. e4 c6 2. d4 d5 3. e5 Bf5 4. h4 h5 5. Nf3 e6 6. Bd3 Bxd3 7. Qxd3 Qa5+ 8. Nbd2 Qa6 9. c4 Nd7 10. O-O Nh6 11. a4 Nf5 12. b3 Be7 13. Ba3 Bxa3 14. Rxa3 Qa5 15. g3 b5 16. cxb5 cxb5 17. Qxb5 Qxb5 18. axb5 Ke7 19. Rc1 Rhb8 20. Ra5 Rb7 21. Nb1 f6 22. exf6+ gxf6 23. Rc6 Nd6 24. Nc3 Rab8 25. Raa6 Nb6 26. Ne1 Kd7 27. Nd3 Nxb5 28. Nxb5 Kxc6 29. Nxa7+ Kd6 30. Nc5 Re7 31. Na4 Kc7 32. Nb5+ Kc6 33. Na7+ Kb7 34. Nc5+ Kc7 35. Nb5+ Kc6 36. Nc3 e5 37. Nd3 exd4 38. Na4 Kb5 39. Nac5 Rc7 40. b4 Kc4 41. Ra1 Kb5 42. Re1 Na4 43. Re6 Nxc5 44. bxc5 Rxc5 45. Nxc5 Kxc5 46. Rxf6 d3 47. Kg2 d2 0-1


[Site "https://www.chess.com"]

[Event "Titled Tuesday Blitz May 03 Early 2022"]
[White "Weishaeutel, Moritz"]
[Black "Gottstein, Claudius-Thomas"]
[WhiteFideId "12967300"]
[BlackFideId "4653327"]
[WhiteElo "2002"]
[BlackElo "2109"]
[Result "1/2-1/2"]
[Round "08"]
[TimeControl "180+1"]
[Date "2022.05.03"]
[WhiteClock "0:00:28"]
[BlackClock "0:00:06"]

1. e4 c6 2. d3 d5 3. Nd2 e5 4. Ngf3 Bd6 5. d4 exd4 6. exd5 cxd5 7. Nxd4 Nc6 8. N2f3 Nge7 9. Bd3 Bg4 10. h3 Bh5 11. Be2 O-O 12. O-O a6 13. c3 Qc7 14. Be3 Rfe8 15. Qd2 Bg6 16. Rfe1 Nf5 17. Nxf5 Bxf5 18. Qxd5 Be4 19. Qd1 Rad8 20. Nd2 Bh2+ 21. Kh1 Bf4 22. Bf3 Bxf3 23. Qxf3 Bxe3 24. Rxe3 Ne5 25. Qe2 Qd7 26. Rxe5 Rxe5 27. Qxe5 Qxd2 28. Re1 h6 29. Qe2 Qd5 30. c4 Qd4 31. b3 a5 32. Qe4 Qxf2 33. Re2 Qf1+ 34. Kh2 Qf6 35. Qxb7 Qf4+ 36. g3 Qf1 37. Qg2 Qf5 38. Qf2 Qb1 39. c5 Rd1 40. c6 Rh1+ 41. Kg2 Rc1 42. Qb6 Qf5 43. Qb8+ Kh7 44. Qf4 Qd5+ 45. Qf3 Rg1+ 46. Kxg1 Qxf3 47. c7 Qxg3+ 48. Rg2 Qxc7 49. Rf2 Qc1+ 50. Kg2 Qc5 51. Rf3 Qb4 52. Rf4 Qa3 53. Rf2 Qb4 54. Kg3 a4 55. bxa4 Qxa4 56. Rg2 Qb4 57. Kh2 Qc4 58. Rf2 Qd4 59. Rg2 Qf4+ 60. Kh1 f5 61. Rg1 Qf3+ 62. Kh2 f4 63. Rg2 Qe4 64. Rf2 f3 65. Kg3 Qe5+ 66. Kxf3 Qf6+ 67. Kg2 Qg5+ 68. Kh2 Qe5+ 69. Kg2 Qe4+ 70. Kh2 Qe5+ 71. Kg2 Qe4+ 72. Kh2 Qe5+ 1/2-1/2


[Site "https://www.chess.com"]

[Event "Titled Tuesday Blitz May 03 Early 2022"]
[White "Winkels, Marcel"]
[Black "Murthy, Pappu"]
[WhiteFideId "1003887"]
[BlackFideId "2013401"]
[WhiteElo "1900"]
[BlackElo "2039"]
[Result "0-1"]
[Round "08"]
[TimeControl "180+1"]
[Date "2022.05.03"]
[WhiteClock "0:00:12"]
[BlackClock "0:00:10"]

1. d4 Nf6 2. Nc3 d5 3. Bf4 c5 4. dxc5 e6 5. e3 Bxc5 6. Nf3 O-O 7. Be2 a6 8. h3 b5 9. O-O Bb7 10. Ne5 Nbd7 11. Nxd7 Qxd7 12. Bf3 Rac8 13. Qe2 h6 14. Rfd1 Qe7 15. a3 Rfd8 16. Be5 Nd7 17. Bd4 Nb6 18. Bxc5 Qxc5 19. Qe1 Nc4 20. b4 Qe7 21. Rd3 Qf6 22. Ra2 Ne5 23. Rd4 Nxf3+ 24. gxf3 Qxf3 25. Kh2 e5 26. Rg4 d4 27. exd4 Rxc3 28. Rg3 Qd5 29. Ra1 Rxc2 30. Qg1 Kf8 31. Rxg7 Rxf2+ 32. Qxf2 Kxg7 33. Rg1+ Kf8 34. Qf6 Rd7 35. Qh8+ Ke7 36. Qxh6 Qa2+ 37. Kg3 Qb3+ 38. Kh2 Qc2+ 39. Kg3 Qd3+ 40. Kh2 Qe2+ 41. Kg3 Qf3+ 42. Kh2 Rxd4 43. Qg5+ Kd7 44. Qxe5 Rd2+ 0-1


[Site "https://www.chess.com"]

[Event "Titled Tuesday Blitz May 03 Early 2022"]
[White "Yang, Kaiqi"]
[Black "Begunov, Konstantin"]
[WhiteFideId "8604398"]
[BlackFideId "4118510"]
[WhiteElo "2373"]
[BlackElo "2262"]
[Result "0-1"]
[Round "08"]
[TimeControl "180+1"]
[Date "2022.05.03"]
[WhiteClock "0:00:01"]
[BlackClock "0:00:13"]

1. d4 d5 2. c4 c6 3. Nf3 Nf6 4. g3 Bg4 5. Ne5 Bf5 6. Nc3 e6 7. Qb3 Qb6 8. c5 Qxb3 9. axb3 Nbd7 10. Nxd7 Kxd7 11. b4 Ne4 12. b5 Nxc3 13. bxc3 cxb5 14. e3 Kc6 15. Ra5 b6 16. cxb6 Be4 17. Rg1 a6 18. Be2 Kxb6 19. Ra2 Bd6 20. f3 Bb1 21. Ra1 Bg6 22. Bd2 h5 23. h4 Rhb8 24. Kf2 a5 25. g4 hxg4 26. Rxg4 Bf8 27. e4 dxe4 28. fxe4 Bh5 29. Rg5 Bxe2 30. Kxe2 g6 31. Rb1 Kc6 32. d5+ exd5 33. exd5+ Kc5 34. Kd3 Bh6 35. Be3+ Kd6 36. Bf4+ Kc5 37. Be3+ Kd6 38. Bf4+ Kd7 39. Bxb8 Bxg5 40. hxg5 Rxb8 41. Kd4 Kd6 42. c4 b4 43. c5+ Kd7 44. c6+ Kd6 45. Rf1 b3 46. Rf6+ Ke7 47. d6+ Ke8 48. Kd5 b2 49. d7+ Ke7 50. Rf1 b1=Q 51. Rxb1 Rxb1 0-1


[Site "https://www.chess.com"]

[Event "Titled Tuesday Blitz May 03 Early 2022"]
[White "Zia, Tahsin Tajwar"]
[Black "Simonovic, Miroslav"]
[WhiteFideId "10211888"]
[BlackFideId "919152"]
[WhiteElo "1800"]
[BlackElo "2043"]
[Result "0-1"]
[Round "08"]
[TimeControl "180+1"]
[Date "2022.05.03"]
[WhiteClock "0:00:02"]
[BlackClock "0:00:05"]

1. d4 Nf6 2. c4 c5 3. d5 b5 4. cxb5 a6 5. bxa6 Bxa6 6. Nc3 d6 7. g3 Nbd7 8. Bg2 g6 9. Nf3 Bg7 10. O-O O-O 11. Rb1 Ra7 12. Qc2 Qa8 13. b3 Nxd5 14. Nxd5 Qxd5 15. Rd1 Qe6 16. e4 Bb7 17. Nd2 Rfa8 18. a4 f5 19. Re1 Qf7 20. Nc4 Bd4 21. exf5 gxf5 22. Bg5 Bf6 23. Qd2 Bxg2 24. Kxg2 Rf8 25. h4 d5 26. Ne3 e6 27. f4 Qg7 28. Nf1 Bc3 29. Qe2 Bxe1 30. Qxe6+ Qf7 31. Rxe1 Qxe6 32. Rxe6 Kf7 33. Re7+ Kg8 34. Ne3 d4 35. Nd5 Rf7 36. Re8+ Kg7 37. h5 h6 38. Be7 Rb7 39. Bd6 Rxb3 40. a5 d3 41. a6 d2 42. a7 d1=Q 43. a8=Q Qf3+ 44. Kh2 Qxg3+ 45. Kh1 Rb1+ 46. Re1 Rxe1# 0-1


[Site "https://www.chess.com"]

[Event "Titled Tuesday Blitz May 03 Early 2022"]
[White "Zlatin, Alexander"]
[Black "Gatterer, Florian"]
[WhiteFideId "2810549"]
[BlackFideId "811688"]
[WhiteElo "2228"]
[BlackElo "2218"]
[Result "1-0"]
[Round "08"]
[TimeControl "180+1"]
[Date "2022.05.03"]
[WhiteClock "0:00:08"]
[BlackClock "0:00:05"]

1. d4 Nf6 2. Nc3 e6 3. Bf4 Be7 4. e3 O-O 5. Nf3 b6 6. Bd3 Bb7 7. O-O c5 8. Nb5 d6 9. c4 a6 10. Nc3 Nbd7 11. h3 Re8 12. Rc1 Bf8 13. Re1 e5 14. dxe5 dxe5 15. Bg5 e4 16. Nxe4 Bxe4 17. Bxe4 Rxe4 18. Qc2 h6 19. Bf4 Qe8 20. Red1 Re6 21. Rd2 Ne4 22. Rdd1 Ndf6 23. Qb3 Rc6 24. Ne5 Re6 25. Nd3 b5 26. f3 Ng5 27. h4 Ngh7 28. cxb5 Qxb5 29. Qxb5 axb5 30. Nxc5 Bxc5 31. Rxc5 Ree8 32. a3 b4 33. axb4 g5 34. hxg5 hxg5 35. Bxg5 Nxg5 36. Rxg5+ Kf8 37. Rf5 Ke7 38. b5 Rab8 39. Rd4 Rb6 40. g4 Reb8 41. g5 Nd7 42. Re4+ Re6 43. Kf2 Rb6 44. b4 Rxe4 45. fxe4 Ke6 46. Kg3 Ke7 47. Kf4 Re6 48. Rd5 Nf8 49. Rc5 Ng6+ 50. Kf3 Ne5+ 51. Ke2 Nd7 52. Rd5 Nb6 53. Rc5 Nd7 54. Rc7 Kd6 55. b6 Nxb6 56. Rxf7 Rg6 57. Rf5 Nd7 58. Rd5+ Ke6 59. Kd3 Ne5+ 60. Kd4 Nf3+ 61. Kc5 Ne5 62. Rd6+ Kf7 63. b5 1-0


[Site "https://www.chess.com"]

[Event "Titled Tuesday Blitz May 03 Early 2022"]
[White "Aaditya Dhingra"]
[Black "Kohler, Aran"]
[WhiteFideId "25678191"]
[BlackFideId "1002856"]
[WhiteElo "1849"]
[BlackElo "2307"]
[Result "0-1"]
[Round "09"]
[TimeControl "180+1"]
[Date "2022.05.03"]
[WhiteClock "0:00:02"]
[BlackClock "0:00:04"]

1. Nf3 Nf6 2. c4 c6 3. g3 d5 4. Bg2 e6 5. O-O Nbd7 6. b3 Bd6 7. Bb2 O-O 8. d3 Re8 9. Nbd2 e5 10. cxd5 cxd5 11. e4 d4 12. Nc4 Bf8 13. Ba3 b5 14. Bxf8 bxc4 15. Ba3 c3 16. Ne1 a5 17. f4 Qb6 18. Nf3 Ng4 19. Bc1 Ba6 20. h3 Ne3 21. Bxe3 dxe3 22. Qe2 exf4 23. gxf4 Nf6 24. Ne5 Rad8 25. Rfe1 Nd7 26. Nc4 Qh6 27. Qxe3 Bxc4 28. bxc4 Nb6 29. Rac1 Na4 30. d4 Qb6 31. c5 Qb4 32. c6 Rxd4 33. e5 Rxf4 34. c7 Rc4 35. e6 fxe6 36. Bd5 Rxc7 37. Bxe6+ Kh8 38. Qf2 Qc5 39. Bb3 Rxe1+ 40. Rxe1 h6 41. Re8+ Kh7 42. Bc2+ g6 43. Bxa4 c2 0-1


[Site "https://www.chess.com"]

[Event "Titled Tuesday Blitz May 03 Early 2022"]
[White "Agasarov, Benik"]
[Black "Devaev, Alexander"]
[WhiteFideId "13314823"]
[BlackFideId "4169395"]
[WhiteElo "2522"]
[BlackElo "2185"]
[Result "1-0"]
[Round "09"]
[TimeControl "180+1"]
[Date "2022.05.03"]
[WhiteClock "0:02:05"]
[BlackClock "0:01:26"]

1. e4 c6 2. Nf3 d5 3. exd5 cxd5 4. Ne5 Nf6 5. Bb5+ Nbd7 6. Bxd7+ Bxd7 7. d4 Bb5 8. c4 Bxc4 9. Qa4+ Nd7 10. Nxc4 dxc4 11. O-O a6 12. Qxc4 e6 13. d5 Nb6 14. Qb3 Nxd5 15. Qxb7 Bc5 16. Qc6+ 1-0


[Site "https://www.chess.com"]

[Event "Titled Tuesday Blitz May 03 Early 2022"]
[White "Andreev, Eduard"]
[Black "Ismayil, Malak"]
[WhiteFideId "14103400"]
[BlackFideId "13412604"]
[WhiteElo "2382"]
[BlackElo "1879"]
[Result "1-0"]
[Round "09"]
[TimeControl "180+1"]
[Date "2022.05.03"]
[WhiteClock "0:00:57"]
[BlackClock "0:00:04"]

1. e4 e5 2. Nf3 Nc6 3. d4 exd4 4. Nxd4 Bc5 5. Nb3 Bb6 6. Nc3 d6 7. Qe2 Nf6 8. Be3 O-O 9. O-O-O Be6 10. f3 Qe7 11. g4 Ne5 12. Kb1 Nxf3 13. Bxb6 Bxg4 14. Bf2 Ne5 15. Qd2 Bxd1 16. Qxd1 a5 17. Bh4 Qe6 18. Nd4 Qg4 19. Bxf6 Qxd1+ 20. Nxd1 gxf6 21. Ne3 Ng6 22. Nd5 Rfe8 23. Nxf6+ Kg7 24. Nxe8+ Rxe8 25. Bd3 Kf6 26. Rf1+ Kg7 27. Nf5+ Kf8 28. h4 Ne5 29. h5 Re6 30. Kc1 Rf6 31. Rg1 Nf3 32. Rg3 Ne5 33. Kd2 c5 34. c4 Nc6 35. Bc2 Nd8 36. Rd3 Ne6 37. Rxd6 1-0


[Site "https://www.chess.com"]

[Event "Titled Tuesday Blitz May 03 Early 2022"]
[White "Andreikin, Dmitry"]
[Black "Lazavik, Denis"]
[WhiteFideId "4158814"]
[BlackFideId "13515110"]
[WhiteElo "2736"]
[BlackElo "2437"]
[Result "1-0"]
[Round "09"]
[TimeControl "180+1"]
[Date "2022.05.03"]
[WhiteClock "0:01:10"]
[BlackClock "0:00:17"]

1. d4 Nf6 2. c4 e6 3. Nf3 d5 4. g3 Be7 5. Bg2 O-O 6. O-O dxc4 7. Qc2 a6 8. a4 Bd7 9. Qxc4 Bc6 10. Bf4 Bd6 11. Qc1 a5 12. Nc3 Na6 13. Bg5 Bxf3 14. Bxf3 c6 15. Rd1 Be7 16. e4 Nb4 17. h4 Nd7 18. e5 f6 19. exf6 Nxf6 20. Qe3 Qd7 21. Rd2 Nfd5 22. Nxd5 Nxd5 23. Bxd5 cxd5 24. Bxe7 Qxe7 25. Rc1 Rac8 26. Rdc2 Rxc2 27. Rxc2 h6 28. Rc5 Qd6 29. Rxa5 Re8 30. Rb5 e5 31. Rxb7 e4 32. Qf4 Qe6 33. a5 e3 34. Qxe3 Qc8 35. Re7 1-0


[Site "https://www.chess.com"]

[Event "Titled Tuesday Blitz May 03 Early 2022"]
[White "Arabidze, Meri"]
[Black "Zlatin, Alexander"]
[WhiteFideId "13604040"]
[BlackFideId "2810549"]
[WhiteElo "2335"]
[BlackElo "2228"]
[Result "1-0"]
[Round "09"]
[TimeControl "180+1"]
[Date "2022.05.03"]
[WhiteClock "0:00:16"]
[BlackClock "0:00:04"]

1. Nf3 Nf6 2. b3 d5 3. Bb2 e6 4. g3 Be7 5. Bg2 O-O 6. O-O c5 7. c4 Nc6 8. cxd5 exd5 9. d4 Ne4 10. dxc5 Bxc5 11. e3 Be6 12. Nc3 Nxc3 13. Bxc3 Qe7 14. Nd4 Nxd4 15. Bxd4 Rac8 16. Rc1 b6 17. Qd3 Rfd8 18. h4 h6 19. Rfd1 Ba3 20. Rxc8 Rxc8 21. Qe2 Qc7 22. Qh5 Qc2 23. Rf1 Rd8 24. Qe5 Bf8 25. f4 Qf5 26. Qxf5 Bxf5 27. Rc1 Bd6 28. Bf3 Be6 29. Kf2 f5 30. h5 Kf7 31. a4 Rd7 32. Rc6 Be7 33. Be2 Rd6 34. Rc1 Rd8 35. Ba6 Bd6 36. Kf3 Kg8 37. Be2 Kf7 38. Ra1 Bb4 39. Rc1 Rc8 40. Rxc8 Bxc8 41. Be5 a5 42. Bb5 Bc5 43. Bc6 Be6 44. Ke2 Kg8 45. Kd3 Bf7 46. Bd4 Bxh5 47. Bxd5+ Kf8 48. Bxc5+ bxc5 49. Kc4 Ke7 50. Kxc5 Be2 51. Kb6 Kd6 52. Bc4 Bf3 53. Kxa5 g5 54. Kb6 g4 55. Bf7 Ke7 56. Bh5 Bd1 57. a5 Bxb3 58. a6 Bd5 59. a7 Kd8 60. Bg6 Be4 61. Bxf5 Ba8 62. Bxg4 Ke7 63. Bf5 Kd8 64. e4 Ke7 65. e5 Kd8 66. Bg4 Ke7 67. Be2 Kd8 68. Bb5 h5 69. Bc6 h4 70. gxh4 Ke7 71. Bxa8 Kd7 72. Bc6+ Ke6 73. a8=Q Kf5 74. e6 Kf6 75. e7 Kg6 76. e8=Q+ Kf5 77. Qe5+ Kg4 78. f5 Kh5 79. Qah8+ Kg4 80. Qhg7+ Kh3 81. Qgg3# 1-0


[Site "https://www.chess.com"]

[Event "Titled Tuesday Blitz May 03 Early 2022"]
[White "Aradhya, Garg"]
[Black "Bendayan Claros, Aaron"]
[WhiteFideId "25006746"]
[BlackFideId "3803392"]
[WhiteElo "2169"]
[BlackElo "2132"]
[Result "1-0"]
[Round "09"]
[TimeControl "180+1"]
[Date "2022.05.03"]
[WhiteClock "0:02:23"]
[BlackClock "0:01:22"]

1. d4 d5 2. c4 e6 3. Nf3 Nf6 4. Nc3 Be7 5. Bf4 O-O 6. Qc2 c5 7. dxc5 Bxc5 8. e3 Nc6 9. a3 d4 10. O-O-O Qe8 11. exd4 Nxd4 12. Nxd4 e5 13. Nb3 exf4 14. Nxc5 1-0


[Site "https://www.chess.com"]

[Event "Titled Tuesday Blitz May 03 Early 2022"]
[White "Araujo Filho, Luiz Antonio Coel"]
[Black "Fernandez Siles, Luis"]
[WhiteFideId "2130661"]
[BlackFideId "2209420"]
[WhiteElo "2295"]
[BlackElo "2212"]
[Result "1-0"]
[Round "09"]
[TimeControl "180+1"]
[Date "2022.05.03"]
[WhiteClock "0:00:02"]
[BlackClock "0:00:16"]

1. d4 Nf6 2. Nf3 g6 3. c4 Bg7 4. Nc3 O-O 5. e4 d6 6. Be2 c5 7. d5 e6 8. O-O exd5 9. exd5 Bg4 10. h3 Bxf3 11. Bxf3 a6 12. Re1 Nbd7 13. Bg5 h6 14. Bh4 g5 15. Bg3 Ne8 16. Qc2 Ne5 17. Be2 f5 18. Bxe5 Bxe5 19. Bd3 Qf6 20. Na4 Ng7 21. Rab1 Rf7 22. b4 cxb4 23. Rxb4 g4 24. hxg4 fxg4 25. c5 Bd4 26. Rxd4 Qxd4 27. Rd1 Qf6 28. c6 bxc6 29. dxc6 Kh8 30. Nb6 Raf8 31. Nd7 Rxd7 32. cxd7 g3 33. fxg3 Rd8 34. Qc7 Ne6 35. Qc8 Qe7 36. Bf5 Ng7 37. Bg4 h5 38. Bh3 Kh7 39. Re1 Qe3+ 40. Rxe3 Ne6 41. Rxe6 Rxc8 42. dxc8=Q 1-0


[Site "https://www.chess.com"]